 Dungeon Crawl Stone Soup version 0.28-a0-429-g1448048969 (webtiles) character file.

Game seed: 10241486180155717398

91 avis the Ruffian (level 4, -12/40 HPs)
             Began as a Naga Transmuter on Sept 12, 2021.
             Mangled by an ogre (32 damage)
             ... on level 3 of the Dungeon.
             The game lasted 00:15:41 (3077 turns).

avis the Ruffian (Naga Transmuter)                  Turns: 3077, Time: 00:15:42

Health: -12/40     AC:  2    Str: 13    XL:     4   Next: 57%
Magic:  1/7        EV: 18    Int: 14    God:
Gold:   108        SH:  0    Dex: 16    Spells: 3/7 levels left

rFire   . . .      SeeInvis +     - Unarmed
rCold   . . .      Faith    .   (shield currently unavailable)
rNeg    . . .      Spirit   .   (armour currently unavailable)
rPois   x          Reflect  .   (helmet currently unavailable)
rElec   .          Harm     .   (cloak currently unavailable)
rCorr   .          Rampage  .   (gloves currently unavailable)
Will    +....                   (no barding)
Stlth   +.........              (no amulet)
HPRegen 0.13/turn               q - ring of willpower
MPRegen 0.10/turn               (no ring)

@: short of breath, spider-form, very slightly contaminated
A: venomous fangs, AC +1, tiny, see invisible, (deformed body), (poison
resistance), (slowness 2), spit poison 1, (naga tail 1)
a: Spit Poison, End Transformation


You were on level 3 of the Dungeon.
You were a venomous arachnid creature.
You visited 1 branch of the dungeon, and saw 3 of its levels.

You collected 108 gold pieces.

Inventory:

Hand Weapons
 a - a +2 dagger of draining (melded)
 b - a +0 hunting sling
 m - a +4 dagger
Missiles
 e - 34 bolts
 n - 14 poisoned darts
 o - 100 stones
 r - 17 arrows
Armour
 d - a +0 robe (melded)
 k - a +0 helmet (melded)
 s - a +0 buckler
Magical Staves
 c - a staff of air
Jewellery
 q - a ring of willpower (left front leg)
Scrolls
 g - a scroll of teleportation {unknown}
 i - a scroll of fog {unknown}
 j - a scroll of summoning {unknown}
 l - a scroll of vulnerability {unknown}
Potions
 f - a potion of magic {unknown}
 h - a potion of berserk rage {unknown}
 p - a potion of lignification {unknown}


   Skills:
 + Level 2.6 Fighting
 - Level 1.5 Dodging
 - Level 3.0 Unarmed Combat
 - Level 2.0 Spellcasting
 - Level 3.0 Transmutations
 - Level 3.0 Poison Magic


You had 3 spell levels left.
You knew the following spells:

 Your Spells              Type           Power      Damage    Failure   Level
a - Beastly Appendage     Tmut           18%        N/A       19%         1
p - Spider Form           Tmut/Pois      4%         N/A       41%         3

Your spell library contained the following spells:

 Spells                   Type           Power      Damage    Failure   Level
 Wereblood                Tmut           9%         N/A       26%         2
 Slow                     Hex            1%         N/A       56%         2
 Confusing Touch          Hex            1%         N/A       77%         3
 Vampiric Draining        Necr           0%         2d6       77%         3
 Ice Form                 Ice/Tmut       5%         N/A       90%         4


Dungeon Overview and Level Annotations

Branches:
Dungeon (3/15)

Altars:

Annotations:
D:1 Glass case.


Innate Abilities, Weirdness & Mutations

You are a venomous arachnid creature.
You have poisonous fangs.
You are tiny and dextrous.
Your spellcasting is less reliable in this form.
Your armour is entirely melded.
You are incapable of wielding weapons or throwing items.
((Your serpentine skin is tough. (AC +1)))
You have supernaturally acute eyesight. (SInv)
((Armour fits poorly on your strangely shaped body.))
((Your system is resistant to poisons. (rPois)))
((You cover ground very slowly.))
You can spit poison.
((You have a snake-like lower body.))


Message History

Found a buckler.
A frilled lizard comes into view.
The frilled lizard hisses angrily.
Press: ? - help, Shift-Dir - straight line, f - frilled lizard
Aim: a frilled lizard The splash of poison hits the frilled lizard.
The frilled lizard is poisoned.
You kill the frilled lizard!
Found 17 arrows.
You see here 17 arrows.
r - 17 arrows You have got your breath back.
You see here a +0 buckler.
s - a +0 buckler
Press: ? - help, Shift-Dir - straight line, f - ogre
Aim: an ogre, wielding a +0 giant spiked club The splash of poison hits the ogre!
The ogre is heavily wounded.
Casting: Spider Form (quite dangerous; 21% risk of failure)
Confirm with . or Enter, or press ? or * to list all spells.
The spell is quite dangerous to cast (21% risk of failure)!
Continue anyway?
You miscast Spider Form.
You are very lightly contaminated with residual magic.
Nothing appears to happen.
The ogre hits you with a +0 giant spiked club!!
Ouch! That really hurt!
Casting: Spider Form (quite dangerous; 21% risk of failure)
Confirm with . or Enter, or press ? or * to list all spells.
The spell is quite dangerous to cast (21% risk of failure)!
Continue anyway?
You turn into a venomous arachnid creature.
Your +2 dagger of draining melds into your body.
Your +0 helmet melds into your body.
Your +0 robe melds into your body.
You hit the ogre.
The ogre is heavily wounded.
The ogre completely misses you.
You hit the ogre.
The ogre is poisoned.
The ogre is almost dead.
The ogre hits you with a +0 giant spiked club!!
Ouch! That really hurt!
You die...

#.###..O#
##.#.....#...
#........#..
#..........#
#...<.....#
#......?.###
##..........##.
.........O......
#..#####s#....
#...# #..####.
..#.####.##
....# ###.##...#
#.#.## #
#†##.###
.....#.# #....#
.....#.###..###
.......##...#
......##..#.###.


You could see an ogre (very poisoned).

Vanquished Creatures
  3 adders (D:2)
  2 worms (D:2)
  2 dart slugs
  4 ball pythons
  7 endoplasms
  9 goblins
  4 hobgoblins (D:1)
  3 jackals (D:1)
  2 quokkas
  A bat (D:1)
  4 frilled lizards
  5 kobolds
  6 rats
52 creatures vanquished.

Vanquished Creatures (others)
  A fungus (D:1)
1 creature vanquished.

Grand Total: 53 creatures vanquished

Notes
Turn   | Place    | Note
-------+----------+-------------------------------------------
     0 | D:1      | avis the Naga Transmuter began the quest for the Orb.
     0 | D:1      | Reached XP level 1. HP: 18/18 MP: 3/3
   186 | D:1      | Reached XP level 2. HP: 16/26 MP: 3/5
   822 | D:1      | Reached XP level 3. HP: 32/32 MP: 6/6
   826 | D:1      | Learned a level 3 spell: Spider Form
  1610 | D:1      | Reached skill level 1 in Poison Magic
  2209 | D:2      | Reached XP level 4. HP: 13/39 MP: 4/7
  2973 | D:3      | Noticed an ogre
  3077 | D:3      | Mangled by an ogre

Illustrated notes

Levels and vault maps discovered:
D:1:      scummos_arrival_checkerplants, layout_basic, serial_glass,
          glass_columns_a, glass_columns_c, due_unseen_surprise,
          minmay_tiny_reverse_x
D:2:      cheibrodos_helix_gallery, layout_loops_ring
D:3:      layout_rooms, grunt_temple_overflow_diamond,
          dreamdust_ecumenical_altar_angels_and_demons, minmay_misc_feat_tiny,
          uniq_crazy_yiuf_cottage

Skill      XL: |  1  2  3  4 |
---------------+-------------+-----
Fighting       | 2 |  2.6
Transmutations | 3 |  3.0
Poison Magic   | 2 3 |  3.0
Dodging        | |  1.5
Unarmed Combat | |  3.0
Spellcasting   | |  2.0

Action                   |  1- 3 |  4- 6 || total
-------------------------+-------+-------++-------
Melee: Short sword       |    22 |       ||    22
       Unarmed           |    24 |    18 ||    42
       Headbutt          |     1 |       ||     1
       Dagger            |     3 |     6 ||     9
 Fire: Hunting sling     |       |    13 ||    13
 Cast: Beastly Appendage |    17 |       ||    17
       Spider Form       |     7 |     5 ||    12
 Abil: Spit Poison       |    36 |     9 ||    45
Armor: Robe              |     5 |       ||     5
       Skin              |     2 |     1 ||     3
Dodge: Dodged            |    20 |    14 ||    34

Table legend: (Time is in decaauts)
 A = Elapsed time spent in this place.
 B = Non-inter-level travel time spent in this place.
 C = Inter-level travel time spent in this place.
 D = Time resting spent in this place.
 E = Time spent auto-exploring this place.
 F = Levels seen in this place.
 G = Mean time per level.
                   A        B        C        D        E       F      G
               +--------+--------+--------+--------+--------+-----+--------+
         Total |   3765 |   3557 |    208 |    961 |   1930 |   3 | 1255.0 |
       Dungeon |   3765 |   3557 |    208 |    961 |   1930 |   3 | 1255.0 |
               +--------+--------+--------+--------+--------+-----+--------+

Top non-repeatable levels by time:
     D:1: 2000 daAuts
     D:2: 1690 daAuts
     D:3: 74 daAuts
